 Dungeon Crawl Stone Soup version 0.23.2-1-ga50397a6bc (webtiles) character file.

Game seed: 2854652801447200992

29 Ethylacetat the Ruffian (level 3, -5/31 HPs)
             Began as a Naga Transmuter on Apr 14, 2019.
             Killed from afar by an orc wizard (7 damage)
             ... with a puff of flame
             ... on level 2 of the Dungeon.
             The game lasted 00:03:38 (1779 turns).

Ethylacetat the Ruffian (Naga Transmuter)           Turns: 1779, Time: 00:03:40

Health: -5/31      AC:  2    Str: 12    XL:     3   Next: 16%
Magic:  6/6        EV: 10    Int: 14    God:
Gold:   33         SH:  0    Dex: 11    Spells: 2/6 levels left

rFire    . . .     SeeInvis +   f - +0 whip (elec)
rCold    . . .     Gourm    .   (no shield)
rNeg     . . .     Faith    .   b - +0 robe
rPois    +         Spirit   .   (no helmet)
rElec    .         Reflect  .   i - scarf {repulsion}
rCorr    .         Harm     .   (no gloves)
MR       .....                  (no barding)
Stlth    +.........             (no amulet)
HPRegen  0.10/turn              (no ring)
MPRegen  0.10/turn              (no ring)

@: hasted, repel missiles, quick
A: large, see invisible, deformed body, poison resistance, slowness 2, slow
metabolism 1, spit poison 1, AC +1
a: Spit Poison


You were on level 2 of the Dungeon.
You were not hungry.

You visited 1 branch of the dungeon, and saw 2 of its levels.

You collected 33 gold pieces.

Inventory:

Hand Weapons
 f - a +0 whip of electrocution (weapon)
Missiles
 a - 12 arrows
Armour
 b - a +0 robe (worn)
 i - a scarf of repulsion (worn)
Scrolls
 c - a scroll of identify {unknown}
 e - a scroll of enchant weapon {unknown}
 h - a scroll of fear {unknown}
 j - a scroll of teleportation {unknown}
Comestibles
 d - 2 rations


   Skills:
 + Level 1.6 Fighting
 - Level 1.5 Dodging
 + Level 3.3 Unarmed Combat
 + Level 2.3 Spellcasting
 + Level 2.4 Transmutations
 + Level 0.0 Poison Magic


You had 2 spell levels left.
You knew the following spells:

 Your Spells              Type           Power        Failure   Level  Hunger
a - Beastly Appendage     Tmut           #.....       9%          1    #......
b - Spider Form           Tmut/Pois      #.........   38%         3    ###....

Your spell library contained the following spells:

 Spells                   Type           Power        Failure   Level  Hunger
 Sticks to Snakes         Tmut           #.......     13%         2    ###....
 Ice Form                 Ice/Tmut       #.......     80%         4    #####..
 Blade Hands              Tmut           #.........   93%         5    ######.


Dungeon Overview and Level Annotations

Branches:
Dungeon (2/15)

Altars:


Innate Abilities, Weirdness & Mutations

You cannot wear boots.
Your serpentine skin is tough. (AC +1)
You have supernaturally acute eyesight. (SInv)
Armour fits poorly on your strangely shaped body.
Your system is resistant to poisons. (rPois)
You cover ground very slowly.
You have a slow metabolism.
You can spit poison.


Message History

The orc wizard hits you with a +0 dagger.
The kobold hits you.
You hit the orc wizard but do no damage.
The orc wizard completely misses you. The goblin hits you but does no damage.
The orc wizard hits you but does no damage.
The orc wizard hits you with a +0 dagger.
The kobold barely misses you.
You hit the orc wizard.
The orc wizard is moderately wounded.
The goblin barely misses you. The kobold hits you but does no damage.
The orc wizard hits you with a +0 dagger.
* * * LOW HITPOINT WARNING * * *
The orc wizard misses you.
It was a potion of haste.
You feel yourself speed up. The goblin barely misses you.
The orc wizard barely misses you.
The orc wizard hits you with a +0 dagger.
* * * LOW HITPOINT WARNING * * *
The orc wizard points at you and mumbles some strange words.
The puff of flame hits you!
You die...

##...##...##..#
...>.#...?.#..#
...............
.............#
.............##.
................
..............#
.......Ko.....#.
.......g@†......
..(....oo.......
....#...........
### #.#......#..
#r..###### .
...## .... .....
.<....


You could see 3 orc wizards, a goblin, a kobold and a rat.

Vanquished Creatures
  2 dart slugs (D:1)
  5 goblins (D:1)
  2 hobgoblins (D:1)
  8 kobolds (D:1)
  2 bats
  3 frilled lizards (D:1)
  A rat (D:1)
23 creatures vanquished.

Notes
Turn   | Place    | Note
-------+----------+-------------------------------------------
     0 | D:1      | Ethylacetat the Naga Transmuter began the quest for the
                  | Orb.
     0 | D:1      | Reached XP level 1. HP: 18/18 MP: 3/3
   634 | D:1      | Reached XP level 2. HP: 13/25 MP: 5/5
  1488 | D:1      | Reached XP level 3. HP: 31/31 MP: 6/6
  1752 | D:1      | Learned a level 3 spell: Spider Form
  1779 | D:2      | Killed from afar by an orc wizard

Action                   || total
-------------------------++-------
Melee: Unarmed           ||    77
       Punch             ||     1
       Whip              ||     8
 Abil: Spit Poison       ||     8
  Use: Potion            ||     1
 Stab: Sleeping          ||     1
  Eat: Chunk             ||     2
Armor: Robe              ||    11
Dodge: Dodged            ||    55
       Deflected         ||     1
